 Dungeon Crawl Stone Soup version 0.22-a0-246-gdc04c06 (webtiles) character file.

42 MatthieuS the Vexing (level 3, -1/27 HPs)
             Began as a Human Arcane Marksman on Feb 22, 2018.
             Slain by a gnoll
             ... wielding a +0 whip
              (3 damage)
             ... on level 2 of the Dungeon.
             The game lasted 00:03:31 (1019 turns).

MatthieuS the Vexing (Human Arcane Marksman)        Turns: 1019, Time: 00:03:32

Health: -1/27      AC:  5    Str: 10    XL:     3   Next: 77%
Magic:  4/4        EV: 11    Int: 13    God:
Gold:   68         SH:  0    Dex: 14    Spells: 3/4 levels left

rFire    . . .     SeeInvis .   a - +0 whip (venom)
rCold    . . .     Gourm    .   (no shield)
rNeg     . . .     Faith    .   g - +0 ring mail
rPois    .         Spirit   .   (no helmet)
rElec    .         Reflect  .   (no cloak)
rCorr    .         Harm     .   (no gloves)
MR       .....                  (no boots)
Stlth    +.........             (no amulet)
HPRegen  0.09/turn              (no ring)
MPRegen  0.09/turn              (no ring)

@: no status effects
A: no striking features
a: no special abilities


You were on level 2 of the Dungeon.
You were not hungry.

You visited 1 branch of the dungeon, and saw 2 of its levels.

You collected 68 gold pieces.

Inventory:

Hand Weapons
 a - a +0 whip of venom (weapon)
 w - a +0 shortbow
Missiles
 d - 11 arrows
Armour
 g - a +0 ring mail (worn)
Scrolls
 b - a scroll of fog {unknown}
 i - 2 scrolls of teleportation {unknown}
 j - a scroll of magic mapping {unknown}
Potions
 e - 2 potions of heal wounds {unknown}
 h - a potion of berserk rage {unknown}
Comestibles
 c - 2 rations


   Skills:
 + Level 1.6 Fighting
 + Level 0.4 Maces & Flails
 * Level 3.0 Bows
 + Level 0.0 Armour
 + Level 2.5 Dodging
 - Level 1.0 Spellcasting
 - Level 3.0 Hexes


You had 3 spell levels left.
You knew the following spells:

 Your Spells              Type           Power        Failure   Level  Hunger
a - Corona                Hex            #......      22%         1    ##.....


Dungeon Overview and Level Annotations

Branches:
Dungeon (2/15)

Altars:


Message History

The gnoll hits you but does no damage.
You barely miss the gnoll. The gnoll misses you. The gnoll closely misses you.
The gnoll hits you from afar with a spear.
The gnoll barely misses you. x2
The gnoll closely misses you.
The gnoll throws a throwing net.
The throwing net hits you.
You become entangled in the net!
The gnoll barely misses you.
You see here a throwing net.
You struggle against the net.
The gnoll hits you with a club.
The gnoll hits you from afar with a spear.
You tear a large gash into the net.
The gnoll hits you with a club.
* * * LOW HITPOINT WARNING * * *
The gnoll hits you with a whip.
* * * LOW HITPOINT WARNING * * *
The gnoll hits you from afar with a spear.
* * * LOW HITPOINT WARNING * * *
You shred the net and break free! The gnoll hits you with a club.
* * * LOW HITPOINT WARNING * * *
The gnoll hits you with a whip.
You die...

......
#....#
#....##
####.....##
........%.
.........#
......g.K#
......ggg#
.......#@#
.?.!.#.#.#
.### #.#.#
#.#<# #[###
(. ..


You could see 4 gnolls and a kobold.

Vanquished Creatures
  A gnoll (D:1)
  3 dart slugs (D:1)
  A bat (D:1)
  A giant cockroach (D:1)
  5 goblins (D:1)
  7 hobgoblins (D:1)
  A kobold (D:1)
  2 frilled lizards (D:1)
  A rat (D:1)
22 creatures vanquished.

Notes
Turn   | Place    | Note
-------+----------+-------------------------------------------
     0 | D:1      | MatthieuS the Human Arcane Marksman began the quest for the Orb.
     0 | D:1      | Reached XP level 1. HP: 15/15 MP: 2/2
    86 | D:1      | Reached XP level 2. HP: 17/21 MP: 3/3
   457 | D:1      | Reached XP level 3. HP: 26/26 MP: 4/4
  1019 | D:2      | Slain by a gnoll

Vault maps used:
D:1:      ncdulo_wetmaze, minivault_19
D:2:      first_ration, chequers_ecumenical_altar_simple

Skill      XL: |  1  2  3 |
---------------+----------+-----
Bows           | 3 |  3.0
Fighting       | |  1.6
Maces & Flails | |  0.4
Dodging        | |  2.5
Spellcasting   | |  1.0
Hexes          | |  3.0

Action                   || total
-------------------------++-------
Melee: Whip              ||    25
 Fire: Shortbow          ||    36
Armor: Robe              ||     1
       Chain mail        ||     5
       Ring mail         ||     9
Dodge: Dodged            ||    26

Table legend:
 A = Spawn XP
 B = Non-spawn XP
 C = Spawn XP percentage of total XP
 D = Spawn monster count
 E = Non-spawn monster count
 F = Spawn count percentage of total count
 G = Total turns spent on level
                    A         B        C        D         E        F      G
               +---------+---------+-------+---------+---------+-------+---------
         Total |       0 |      60 |   0.0 |       0 |      22 |   0.0 |  1019
               +---------+---------+-------+---------+---------+-------+---------
           D:1 |       0 |      60 |   0.0 |       0 |      22 |   0.0 |  1007
               +---------+---------+-------+---------+---------+-------+---------
